 Dungeon Crawl Stone Soup version 0.18-a0-1702-gd20c6a5 (webtiles) character file.

1651 UsefulIdiot the Martial Artist (level 8, 0/62 HPs)
             Began as a Demonspawn Wizard on Apr 6, 2016.
             Slain by a killer bee (3 damage)
             ... on level 7 of the Dungeon.
             The game lasted 00:12:26 (5212 turns).

UsefulIdiot the Martial Artist (Demonspawn Wizard)  Turns: 5212, Time: 00:12:27

Health: 0/62       AC: 11    Str: 14    XL:     8   Next: 68%
Magic:  12/12      EV:  9    Int: 19    God:
Gold:   310        SH:  0    Dex: 12    Spells: 1 memorised, 12 levels left

rFire  . . .     SeeInvis .     f - +2 dagger (elec)
rCold  . . .     Gourm    .     F - +2 scale mail "Awi Kuu" {rElec rCorr Str+4}
rNeg   + . .     Faith    .     (no shield)
rPois  +         Spirit   .     b - +0 hat
rElec  +         Dismiss  .     m - +2 cloak {rPois}
rCorr  +         Reflect  .     (no gloves)
SustAt .         Harm     .     (no boots)
MR     .....                    (no amulet)
Stlth  +.........               (no ring)
                                k - ring of positive energy

@: not resistant to hostile enchantments, very unstealthy
A: claws 1, horns 1, talons 1, nightstalker 1, powered by death 1
a: no special abilities


You were on level 7 of the Dungeon.
You were not hungry.

You visited 1 branch of the dungeon, and saw 7 of its levels.

You collected 310 gold pieces.

Inventory:

Hand Weapons
 f - a +2 dagger of electrocution (weapon)
Missiles
 C - a throwing net (quivered)
Armour
 a - a +0 robe
 b - a +0 hat (worn)
 m - a +2 cloak of poison resistance (worn)
 v - a +0 buckler
 w - a +0 cloak
 z - a +3 leather armour
 F - the +2 scale mail "Awi Kuu" (worn) {rElec rCorr Str+4}
   (You found it on level 6 of the Dungeon)

   It affects your strength (+4).
   It insulates you from electricity.
   It protects you from acid and corrosion.
Jewellery
 k - a ring of positive energy (left claw)
 G - an uncursed ring of ice
Wands
 u - a wand of slowing (23/48)
Scrolls
 e - a scroll of magic mapping
 i - 6 scrolls of identify
 p - 3 scrolls of remove curse
 y - a scroll of random uselessness
 I - a scroll of blinking
Potions
 g - a potion of brilliance
 h - a potion of degeneration {unknown}
 j - a potion of curing
 l - a potion of might {unknown}
 n - 2 potions of cancellation {unknown}
 o - a potion of berserk rage {unknown}
 q - a potion of resistance {unknown}
 A - 2 potions of agility {unknown}
 B - 2 potions of flight {unknown}
Books
 c - a book of Minor Magic

   Spells                             Type                      Level
   a - Magic Dart                     Conjuration                  1
   b - Blink                          Translocation                2
   c - Call Imp                       Summoning                    2
   d - Repel Missiles                 Charms/Air                   2
   e - Slow                           Hexes                        2
   f - Conjure Flame                  Conjuration/Fire             3
   g - Mephitic Cloud                 Conjuration/Poison/Air       3
Comestibles
 d - 3 bread rations
 s - a royal jelly
 x - a slice of pizza
 D - a meat ration
 E - a beef jerky


   Skills:
 + Level 5.2 Fighting
 - Level 1.7 Dodging
 - Level 1.7 Stealth
 * Level 8.3 Unarmed Combat
 - Level 3.2 Spellcasting
 - Level 2.5 Conjurations
   Level 1.0 Summonings
   Level 0.8 Translocations


You had 12 spell levels left.
You knew the following spells:

 Your Spells              Type           Power        Failure   Level  Hunger
a - Magic Dart            Conj           ##..         28%         1    None


Dungeon Overview and Level Annotations

Branches:
Dungeon (7/15)
 Temple: D:4-7

Altars:
Kikubaaqudgha
Makhleb
Pakellas
Sif Muna
Trog

Shops:
D:4 (


Innate Abilities, Weirdness & Mutations

You have sharp fingernails.
You have a pair of small horns on your head.
You have sharp toenails.
You are slightly more attuned to the shadows.
You regenerate a little health from kills.


Message History

Drink which item? (? for menu, Esc to quit)
You feel better. The killer bee closely misses you. The killer bee stings you.
* * * LOW HITPOINT WARNING * * *
The killer bee stings you.
* * * LOW HITPOINT WARNING * * *
The killer bee stings you but does no damage.
You hit the killer bee.
The killer bee is heavily wounded.
The killer bee stings you but does no damage.
The killer bee closely misses you. The killer bee barely misses you.
The killer bee stings you but does no damage.
You closely miss the killer bee.
You claw the killer bee, but do no damage.
The killer bee is heavily wounded.
The killer bee stings you.
* * * LOW HITPOINT WARNING * * *
The killer bee completely misses you. The killer bee stings you.
* * * LOW HITPOINT WARNING * * *
The killer bee stings you.
You die...

.#####+##
........#
........#
........#
........##+##
......<......
.........y...
..####y#.....
#..y@#.....
#....# ##+#
#....# #....#
#....# ###+##


You could see 2 killer bees.

Vanquished Creatures
  Menkaure (D:5)
  A water moccasin (D:5)
  2 sky beasts
  An ice beast (D:6)
  2 ogres
  2 giant frogs (D:6)
  3 scorpions
  A killer bee (D:7)
  A quasit (D:6)
  A giant frog skeleton (D:6)
  Crazy Yiuf (D:6)
  2 orc priests (D:3)
  A centaur skeleton (D:6)
  2 iguanas
  3 worker ants
  12 adders
  9 gnolls
  2 shadow imps (D:5)
  An adder zombie (D:5)
  A worm (D:5)
  3 adder skeletons
  A dart slug (D:2)
  7 giant geckos
  9 orcs
  7 bats
  7 giant cockroaches
  9 goblins
  9 hobgoblins
  A quokka (D:3)
  A giant gecko skeleton (D:4)
  7 giant newts
  A jackal skeleton (D:5)
  A jackal zombie (D:6)
  5 kobolds
  2 quokka skeletons (D:5)
  8 rats
127 creatures vanquished.

Notes
Turn   | Place    | Note
--------------------------------------------------------------
     0 | D:1      | UsefulIdiot the Demonspawn Wizard began the quest for the Orb.
     0 | D:1      | Reached XP level 1. HP: 13/13 MP: 4/4
   209 | D:1      | Gained mutation: You regenerate a little health from kills. [demonic ancestry]
   209 | D:1      | Reached XP level 2. HP: 12/19 MP: 6/6
   626 | D:1      | Gained mutation: You have a pair of small horns on your head. [demonic ancestry]
   626 | D:1      | Reached XP level 3. HP: 19/24 MP: 7/7
   763 | D:2      | Reached skill level 1 in Unarmed Combat
  1121 | D:2      | Reached skill level 2 in Unarmed Combat
  1121 | D:2      | Reached XP level 4. HP: 5/30 MP: 8/8
  1446 | D:3      | Found a bloodstained altar of Trog.
  1522 | D:3      | Reached skill level 3 in Unarmed Combat
  1989 | D:3      | Found an ancient bone altar of Kikubaaqudgha.
  1989 | D:3      | Found an oddly glowing altar of Pakellas.
  1992 | D:3      | Gained mutation: You have sharp fingernails. [demonic ancestry]
  1992 | D:3      | Reached XP level 5. HP: 33/35 MP: 9/9
  2288 | D:3      | Found a burning altar of Makhleb.
  2417 | D:4      | Noticed an ogre
  2489 | D:4      | Reached skill level 4 in Unarmed Combat
  2671 | D:4      | Killed an ogre
  2671 | D:4      | Reached skill level 1 in Fighting
  2671 | D:4      | Reached XP level 6. HP: 43/43 MP: 10/10
  2814 | D:4      | Reached skill level 5 in Unarmed Combat
  3140 | D:4      | Noticed a sky beast
  3192 | D:4      | Killed a sky beast
  3192 | D:4      | Gained mutation: You have sharp toenails. [demonic ancestry]
  3192 | D:4      | Reached XP level 7. HP: 20/51 MP: 11/11
  3460 | D:4      | Found Diorupusch's Antique Weapon Boutique.
  3512 | D:5      | Entered Level 5 of the Dungeon
  3615 | D:5      | Found a deep blue altar of Sif Muna.
  3672 | D:5      | Reached skill level 6 in Unarmed Combat
  3804 | D:5      | Noticed Menkaure
  3818 | D:5      | Killed Menkaure
  4205 | D:6      | Got a faintly humming scale mail
  4206 | D:6      | Identified the +2 scale mail "Awi Kuu" {rElec rCorr Str+4} (You found it on level 6 of the Dungeon)
  4459 | D:6      | Gained mutation: You are slightly more attuned to the shadows. [demonic ancestry]
  4459 | D:6      | Reached XP level 8. HP: 35/60 MP: 12/12
  4465 | D:6      | Reached skill level 7 in Unarmed Combat
  4999 | D:6      | Reached skill level 8 in Unarmed Combat
  5063 | D:6      | Reached skill level 5 in Fighting
  5131 | D:6      | Noticed Crazy Yiuf
  5144 | D:6      | Killed Crazy Yiuf
  5212 | D:7      | HP: 3/62 [killer bee (3)]
  5212 | D:7      | Slain by a killer bee

Vault maps used:
D:1:      matt_arrival_spirals
D:2:      minivault_27
D:3:      lightli_temple_of_fire, grunt_temple_overflow_open,
          nicolae_overflow_crystal_walls, first_bread
D:4:      serial_shops, kennysheep_mini
D:5:      basic_altar, uniq_menkaure
D:6:      nicolae_zen_rock_garden, uniq_crazy_yiuf_cottage
D:7:      grunt_temple_overflow_gold_and_silver, okawaru_gym_becter,
          minmay_temple_entry_enclosed_plants

Skill      XL: |  1  2  3  4  5  6  7  8 |
---------------+-------------------------+-----
Conjurations   | 2 |  2.5
Unarmed Combat | 2 3 4 5 6 8 |  8.3
Fighting       | 1 2 4 5 |  5.2
Dodging        | |  1.7
Stealth        | |  1.7
Spellcasting   | |  3.2
Summonings     | |  1.0
Translocations | |  0.8

Action                   |  1- 3 |  4- 6 |  7- 9 || total
-------------------------+-------+-------+-------++-------
Melee: Dagger            |    82 |   185 |   242 ||   509
Throw: Throwing net      |       |     1 |       ||     1
 Cast: Magic Dart        |    12 |       |       ||    12
Evoke: Wand              |       |     2 |     2 ||     4
  Use: Potion            |       |     4 |     5 ||     9
       Scroll            |       |       |     8 ||     8
 Stab: Sleeping          |     5 |     4 |     3 ||    12
  Eat: Chunk             |     1 |     6 |     7 ||    14
